 Dungeon Crawl Stone Soup version 0.26-b1-25-gafae2e710b (webtiles) character file.

Game seed: 4155954329506994503

121 raphaelitos the Covert (level 4, -7/26 HPs)
             Began as a Vampire Brigand on Jan 2, 2021.
             Mangled by an orc
             ... wielding a +0 morningstar
              (12 damage)
             ... on level 3 of the Dungeon.
             The game lasted 00:03:52 (2780 turns).

raphaelitos the Covert (Vampire Brigand)            Turns: 2780, Time: 00:03:52

Health: -7/26      AC:  4    Str: 10    XL:     4   Next: 77%
Magic:  4/4        EV: 12    Int: 13    God:
Gold:   83         SH:  0    Dex: 16    Spells: 3/3 levels left

rFire    . . .     SeeInvis +   a - +3 dagger
rCold    + + .     Faith    .   (no shield)
rNeg     + + +     Spirit   .   b - +1 robe
rPois    ∞         Reflect  .   (no helmet)
rElec    .         Harm     .   c - +0 cloak
rCorr    .         Rampage  .   (no gloves)
Will     .....                  (no boots)
Stlth    ++++++....             (no amulet)
HPRegen  0.00/turn              (no ring)
MPRegen  0.09/turn              (no ring)

@: bloodless
A: fangs 3, see invisible, unbreathing
a: Bat Form, Revivify


You were on level 3 of the Dungeon.
You visited 1 branch of the dungeon, and saw 3 of its levels.

You collected 83 gold pieces.

Inventory:

Hand Weapons
 a - a +3 dagger (weapon)
 f - a +1 mace of protection
Missiles
 d - 8 poisoned darts (quivered)
 e - 2 curare-tipped darts
 l - 59 arrows
 u - 11 bolts
Armour
 b - a +1 robe (worn)
 c - a +0 cloak (worn)
Scrolls
 i - a scroll of identify
Potions
 h - a potion of brilliance {unknown}
 k - a potion of curing {unknown}
 n - a potion of cancellation {unknown}
 o - 2 potions of lignification
 r - a potion of mutation {unknown}
 s - a potion of haste {unknown}
 t - a potion of might {unknown}


   Skills:
 + Level 2.1 Fighting
 + Level 2.9 Short Blades
 + Level 1.6 Throwing
 + Level 1.7 Dodging
 + Level 8.3 Stealth


You had 3 spell levels left.
You didn't know any spells.
Your spell library was empty.

Dungeon Overview and Level Annotations

Branches:
Dungeon (3/15)

Altars:


Innate Abilities, Weirdness & Mutations

You do not regenerate when monsters are visible.
You are frail without blood (-20% HP).
You can heal yourself when you bite living creatures.
You are immune to poison.
You have razor-sharp teeth.
You have supernaturally acute eyesight. (SInv)
You can survive without breathing.


Message History

The orc is heavily wounded.
The orc closely misses you.
You closely miss the orc.
The orc is heavily wounded.
The orc hits you with a +0 morningstar!
* * * LOW HITPOINT WARNING * * *
You completely miss the orc.
The orc is heavily wounded.
You hit the orc. Your bite misses the orc.
The orc is almost dead.
The orc barely misses you.
You barely miss the orc.
The orc is almost dead.
The orc misses you.
You barely miss the orc.
The orc is almost dead.
You closely miss the orc.
The orc is almost dead.
The orc hits you with a +0 morningstar!
You die...

........##. .#.##....
.....#....##.........#
........#...#>.......#
.....#..o............#
.....##...##...# ....#
......###.....###....###
.$.....o..#.....#.......
######o###.#...........
#@# #.###...?.....
#.###.##..#†......
#.....##.###...##.
#....###.# ...(..
#.....##†# .#.#.
#......#.## .. ..
#.........# .. .
#.......!.# ...
#<........#


You could see 2 orcs.

Vanquished Creatures
  Natasha (D:3)
  4 adders
  3 dart slugs
  An orc (D:3)
  A ball python (D:2)
  5 giant cockroaches
  10 goblins
  6 hobgoblins
  2 kobolds
  2 quokkas
  5 bats
  4 frilled lizards
  9 rats
53 creatures vanquished.

Notes
Turn   | Place    | Note
-------+----------+-------------------------------------------
     0 | D:1      | raphaelitos the Vampire Brigand began the quest for the
                  | Orb.
     0 | D:1      | Reached XP level 1. HP: 16/16 MP: 1/1
    40 | D:1      | Reached skill level 6 in Stealth
   297 | D:1      | Reached XP level 2. HP: 9/17 MP: 2/2
  1000 | D:1      | Reached skill level 7 in Stealth
  1026 | D:1      | Reached XP level 3. HP: 6/21 MP: 3/3
  1777 | D:2      | Found a faded altar of an unknown god.
  2000 | D:2      | Reached XP level 4. HP: 26/26 MP: 4/4
  2551 | D:3      | Noticed Natasha
  2563 | D:3      | Killed Natasha
  2564 | D:3      | Reached skill level 8 in Stealth
  2780 | D:3      | Mangled by an orc

Illustrated notes

Levels and vault maps discovered:
D:1:      dpeg_arrival_more_subterranean_lakeside_camping, layout_basic
D:2:      layout_rooms, chequers_ecumenical_altar_simple,
          serial_co_window_serial, co_window_corner_a, co_window_paths_a,
          co_window_corner_a, co_window_corner_a, co_window_corner_a,
          co_window_paths_a, co_window_corner_a, co_window_cross_1,
          co_window_of_opportunity_a, co_window_cross_3, co_window_cross_4,
          co_window_of_opportunity_c, co_window_unsneaky_path_c,
          co_window_corner_b, co_window_of_opportunity_c, co_window_4corner_b,
          glass_columns_b, glass_columns_a, glass_columns_a, glass_columns_b,
          glass_columns_a
D:3:      layout_rooms, nicolae_overflow_hidden_temple, lemuel_crystal_altar,
          gup_sewer_entry_spiral, uniq_robin, uniq_natasha,
          uniq_crazy_yiuf_cottage

Skill      XL: |  1  2  3  4 |
---------------+-------------+-----
Stealth        | 6 7 8 |  8.3
Fighting       | 2 |  2.1
Short Blades   | |  2.9
Throwing       | |  1.6
Dodging        | |  1.7

Action                   |  1- 3 |  4- 6 || total
-------------------------+-------+-------++-------
Melee: Dagger            |    78 |    40 ||   118
       Bite              |     4 |     4 ||     8
 Abil: Exsanguinate      |     1 |       ||     1
  Use: Scroll            |       |     8 ||     8
 Stab: Sleeping          |    20 |     5 ||    25
Armor: Robe              |    18 |     7 ||    25
Dodge: Dodged            |    28 |    17 ||    45
